 Dungeon Crawl Stone Soup version 0.31.0-32-g396128a36d (webtiles) character file.

Game seed: 10917552985518304479

103291 PaiMei the Lord of Darkness (level 15, -3/122 HPs)
             Began as a Demonspawn Necromancer on Mar 22, 2024.
             Was the Champion of Kikubaaqudgha.
             Slain by a black mamba (6 damage)
             ... led by a naga ritualist
             ... on level 1 of the Snake Pit.
             The game lasted 01:13:03 (34498 turns).

PaiMei the Lord of Darkness (DsNe)                 Turns: 34498, Time: 01:13:04

Health: -3/122     AC: 14    Str:  9    XL:     15   Next: 88%
Magic:  0/32       EV: 13    Int: 22    God:    Kikubaaqudgha [******]
Gold:   2177       SH: 10    Dex: 14    Spells: 14/41 levels left

rFire   . . .        E - +7 Throatcutter {drain, coup de grace}
rCold   . . .        J - +0 kite shield {reflect}
rNeg    . . .        L - +0 troll leather armour
rPois   .            (helmet restricted)
rElec   .            V - +1 cloak
rCorr   .            (no gloves)
SInv    .            g - +1 pair of boots
Will    +....        X - amulet of magic regeneration
Stlth   ++           Y - +4 ring of protection
HPRegen 1.20/turn    Q - +4 ring of slaying
MPRegen 0.86/turn

%: reflection, guardian spirit
@: lethally poisoned (-3 -> -5), hasted, very quick
A: horns 1, ignite blood 2, magic shield, magic regeneration, sharp scales 2
a: Renounce Religion, Unearth Wretches, Torment, Brand Weapon With Pain, Receive
Forbidden Knowledge


You were on level 1 of the Snake Pit.
You worshipped Kikubaaqudgha.
Kikubaaqudgha was exalted by your worship.
You visited 6 branches of the dungeon, and saw 25 of its levels.
You also visited: Sewer and Ice Cave.

You collected 2803 gold pieces.
You spent 626 gold pieces at shops.

Inventory:

Hand Weapons
 p - the +6 long sword of Kiyczyik {freeze, rCorr Stlth+}
   (You found it on level 1 of the Lair of Beasts)

   rCorr:     It protects you from acid and corrosion.
   Stlth+:    It makes you more stealthy.
 E - the +7 Throatcutter (weapon) {drain, coup de grace}
   (You took it off Terence on level 3 of the Dungeon)
 P - the +7 spear of Execution {speed, rElec Dex-5 SInv}
   (You found it on level 12 of the Dungeon)

   Dex-5:     It affects your dexterity (-5).
   rElec:     It insulates you from electricity.
   SInv:      It lets you see invisible.
Missiles
 q - 3 darts of dispersal (quivered)
 A - 13 curare-tipped darts
 B - 11 throwing nets
Armour
 g - a +1 pair of boots (worn)
 J - a +0 kite shield of reflection (worn)
 L - a +0 troll leather armour (worn)
 V - a +1 cloak (worn)
Jewellery
 z - a ring of wizardry
 Q - a +4 ring of slaying (right hand)
 X - an amulet of magic regeneration (around neck)
 Y - a +4 ring of protection (left hand)
Wands
 a - a wand of flame (36)
 v - a wand of light (10)
 y - a wand of roots (15)
 D - a wand of polymorph (18)
 K - a wand of paralysis (15)
 O - a wand of mindburst (27)
 Z - a wand of digging (4)
Scrolls
 c - 4 scrolls of vulnerability
 f - a scroll of enchant armour
 i - 6 scrolls of blinking
 j - 6 scrolls of revelation
 k - 4 scrolls of teleportation
 l - 3 scrolls of silence
 t - 2 scrolls of brand weapon
 u - 4 scrolls of noise
 C - 7 scrolls of immolation
 G - 7 scrolls of fog
 H - 4 scrolls of fear
 M - 4 scrolls of poison
 N - a scroll of amnesia
 S - 2 scrolls of enchant weapon
 W - 4 scrolls of torment
Potions
 b - 3 potions of magic
 d - 2 potions of resistance
 h - 8 potions of curing
 m - 3 potions of might
 n - a potion of mutation {unknown}
 o - 6 potions of brilliance
 r - 2 potions of enlightenment
 s - 4 potions of lignification
 w - 2 potions of haste
 x - 2 potions of attraction
 F - 3 potions of berserk rage
 I - 3 potions of heal wounds
 R - a potion of cancellation {unknown}
 U - 5 potions of invisibility


   Skills:
 - Level 12.4 Fighting
 + Level 7.2 Long Blades
 + Level 7.2 Armour
 - Level 8.2 Dodging
 - Level 2.0 Stealth
 - Level 8.2 Shields
 + Level 13.6 Spellcasting
 + Level 16.4 Necromancy


You had 14 spell levels left.
You knew the following spells:

 Your Spells              Type           Power      Damage    Failure   Level
a - Necrotise             Necr           100%       1d9       1%          1
b - Vampiric Draining     Necr           72%        2d11      1%          3
c - Animate Dead          Necr           72%        N/A       1%          4
d - Curse of Agony        Necr           72%        N/A       1%          5
e - Dispel Undead         Necr           72%        3d24      1%          4
f - Martyr's Knell        Necr/Summ      50%        N/A       7%          4
g - Death Channel         Necr           36%        N/A       3%          6

Your spell library contained the following spells:

 Spells                   Type           Power      Damage    Failure   Level
 Kiss of Death            Conj/Necr      100%       2d13      1%          1
 Cigotuvi's Dreadful Rot  Necr/Alch/Air  78%        N/A       3%          2
 Apportation              Tloc           30%        N/A       19%         1
 Freeze                   Ice            60%        1d7       19%         1
 Sandblast                Erth           30%        2d9       19%         1
 Slow                     Hex            60%        N/A       19%         1
 Ensorcelled Hibernation  Hex/Ice        30%        N/A       28%         2
 Jinxbite                 Hex            30%        N/A       28%         2
 Lesser Beckoning         Tloc           30%        N/A       28%         2
 Confusing Touch          Hex            15%        N/A       50%         3
 Frozen Ramparts          Ice            30%        1d5       50%         3
 Gell's Gravitas          Tloc           15%        N/A       50%         3
 Hailstorm                Conj/Ice       15%        3d6       50%         3
 Inner Flame              Hex/Fire       15%        N/A       50%         3
 Sigil of Binding         Hex            15%        N/A       50%         3
 Stone Arrow              Conj/Erth      30%        3d8       50%         3
 Teleport Other           Tloc           15%        N/A       50%         3
 Animate Armour           Summ/Erth      30%        N/A       88%         4
 Ignite Poison            Fire/Alch      15%        N/A       88%         4
 Alistair's Intoxication  Alch           10%        N/A       99%         5
 Freezing Cloud           Conj/Ice/Air   7%         6-21      99%         5
 Metabolic Englaciation   Hex/Ice        7%         N/A       99%         5
 Enfeeble                 Hex            7%         N/A       100%        7
 Malign Gateway           Summ/Tloc      7%         N/A       100%        7
 Lehudib's Crystal Spear  Conj/Erth      7%         10d3      100%        8
 Summon Horrible Things   Summ           7%         N/A       100%        8
 Shatter                  Erth           7%         3d10*     100%        9


Dungeon Overview and Level Annotations

Branches:
Dungeon (15/15)            Temple (1/1) D:7            Lair (5/5) D:11
 Shoals (0/4) Lair:3        Snake (1/4) Lair:2        Slime (1/5) Lair:4
    Orc (2/2) D:11            Elf (0/3) Orc:2        Vaults (0/5) D:13
 Depths (0/4) D:15          Sewer (visited)           IceCv (visited)

Altars:
Ashenzari
Cheibriados
Dithmenos
Fedhas
Gozag
Hepliaklqana
Kikubaaqudgha
Makhleb
Nemelex Xobeh
Okawaru
Qazlal
Ru
Sif Muna
Trog
Uskayaw
Vehumet
Wu Jian
Xom
Yredelemnul
Lugonu

Shops:
D:5 *   D:8 !   Orc:2 *((

Annotations:
D:10 1 runed translucent door, Derpydoo's ghost, journeyman GrBe
D:13 2 transporters


Innate Abilities, Weirdness & Mutations

You have a pair of small horns on your head.
Your demonic aura often causes spilled blood to erupt in flames.
When hurt, damage is shared between your health and your magic reserves.
You regenerate magic rapidly.
You are mostly covered in razor-sharp scales. (AC +2, Slay +2)


Message History

You feel much better.
You feel extremely sick.
The mana viper hisses angrily.
You are more poisoned.
The black mamba misses you. The black mamba barely misses you.
You block the black mamba's attack. The black mamba bites you.
You feel yourself speed up.
You feel extremely sick.
You are more poisoned.
The black mamba bites you!
* * * LOW HITPOINT WARNING * * *
The black mamba bites you.
* * * LOW HITPOINT WARNING * * *
The black mamba bites you but does no damage.
The black mamba bites you.
* * * LOW HITPOINT WARNING * * *
You are more poisoned.
The black mamba poisons you!
The shock serpent is engulfed in blazing flames.
You block the shock serpent's attack.
The shock serpent's electric aura discharges, shocking you!
The black mamba closely misses you. You block the black mamba's attack.
The black mamba bites you.
* * * LOW HITPOINT WARNING * * *
You are more poisoned.
The black mamba poisons you! The black mamba barely misses you.
You feel better.
* * * LOW HITPOINT WARNING * * *
You are poisoned.
The black mamba closely misses you.
The shock serpent is engulfed in blazing flames.
The shock serpent bites you!
* * * LOW HITPOINT WARNING * * *
The shock serpent shocks you!
* * * LOW HITPOINT WARNING * * *
The shock serpent's electric aura discharges, shocking you!
* * * LOW HITPOINT WARNING * * *
The black mamba barely misses you. The black mamba bites you!
You die...
Kikubaaqudgha rasps: "You have failed me!
Welcome... death!"

##.#..#....##..###... ...
......#))..###......###..##
....#......).........#....
....##.###..##..........# ##
#...##.....#........SN..#...
..#.##.##..#.#..............
.##....#...#...#...N........
.....###.#....##SS.>:.......
...............S@S..........
#........#..###..S....N.....
#.......#....##.............
#...>...#..#.###.......#..##
..........##.#.......###....
#..####.#.##...###..## ...
##.# #.#.###..# $..# .. ##..
...........#.## ####
#....##........


You could see a naga sharpshooter, 2 naga ritualists, a shock serpent, a mana
viper and 4 black mambas.

Vanquished Creatures
  Kirke (Lair:3)
  A white draconian (IceCv)
  Snorg (D:11)
  Fannar (Lair:1)
  3 hydras
  A catoblepas (Lair:5)
  2 ogre magi (D:15)
  An anaconda (Snake:1)
  2 boulder beetles
  6 centaur warriors
  11 two-headed ogres
  A hell hog (Lair:5)
  A deep troll earth mage (D:15)
  2 tengu warriors
  3 naga warriors (Lair:2)
  A naga sharpshooter (Snake:1)
  A shock serpent (Lair:2)
  Nergalle (Lair:3)
  Sonja (D:12)
  Amaemon (D:8)
  5 skeletal warriors
  3 mana vipers
  3 arcanists
  A necromancer (D:13)
  Pikel (D:4)
  7 orc knights
  A wolf spider (D:14)
  5 ugly things
  4 orc sorcerers
  5 deep elf pyromancers
  5 manticores
  13 elephants
  Maurice (D:11)
  A salamander (Snake:1)
  8 kobold blastminers (Orc:2)
  A guardian serpent (Lair:2)
  2 naga magi
  A gargoyle (D:11)
  8 black mambas
  2 ice statues (IceCv)
  2 kobold demonologists (D:10)
  Maggie (Lair:1)
  3 unseen horrors
  5 rime drakes
  11 cane toads
  An efreet (D:13)
  A freezing wraith (D:14)
  2 ice devils (Lair:4)
  7 komodo dragons
  A tengu conjurer (D:15)
  A hydra zombie (Lair:2)
  A burning bush (Lair:3)
  5 trolls
  11 polar bears
  11 blink frogs
  Prince Ribbit (D:7)
  2 dream sheep (Lair:5)
  3 slime creatures (D:13)
  5 wyverns
  6 basilisks
  45 yaks
  3 steam dragons
  A hog (Lair:3)
  7 wargs
  9 vampire mosquitoes
  14 water moccasins
  5 nagas (Snake:1)
  An acid dragon (D:10)
  A two-headed ogre zombie (D:13)
  12 hell hounds (Lair:5)
  4 cane toad zombies
  A human zombie (D:13)
  35 orc warriors
  A sky beast (D:7)
  Pargi (Sewer)
  13 black bears
  2 elephant zombies
  An orc zombie (D:13)
  11 ogres
  2 ice beasts (D:7)
  2 laughing skulls (D:13)
  15 wolves
  3 blink frog zombies (Lair:3)
  19 centaurs
  4 kobold brigands
  2 lemures (D:4)
  3 komodo dragon zombies
  2 brain worms (Sewer)
  11 bullfrogs
  7 gnoll sergeants
  4 scorpions
  A wyvern zombie (Lair:3)
  8 wights
  A water moccasin zombie (Lair:5)
  3 lindwurm simulacra (IceCv)
  4 polar bear zombies
  5 killer bees (D:7)
  A yak zombie (Lair:1)
  3 electric eels
  2 wolf zombies (Lair:5)
  A bullfrog zombie (Lair:3)
  9 hounds
  8 komodo dragon simulacra (IceCv)
  7 jellies
  A basilisk zombie (Lair:5)
  A black bear zombie (Lair:5)
  15 orc priests
  2 gnoll boudas (D:5)
  Terence (D:3)
  2 iguanas
  17 orc wizards
  6 adders
  44 gnolls
  4 acid dragon simulacra (IceCv)
  A shadow imp (D:5)
  A white imp (D:5)
  6 steam dragon simulacra (IceCv)
  3 dart slugs
  73 orcs
  8 endoplasms
  4 giant cockroaches
  6 hobgoblins
  3 jackals (D:5)
  17 kobolds
  6 quokkas
  6 ball pythons
  9 bats
  10 frilled lizards
  9 goblins
  10 rats
758 creatures vanquished.

Vanquished Creatures (collateral kills)
  A hydra (Lair:5)
  A boulder beetle (Lair:2)
  3 elephants (Lair:5)
  A rime drake (Lair:3)
  3 polar bears
  2 trolls (D:13)
  A raiju (Lair:5)
  6 yaks
  A basilisk (Lair:2)
  A wyvern (Lair:3)
  2 water moccasins
  2 hell hounds (Lair:5)
  A black bear (Lair:5)
  2 wolves
  A gnoll sergeant (D:8)
  2 bullfrogs
  An orc wizard (D:6)
  2 gnolls
  A dart slug (D:1)
  2 orcs (D:10)
  An endoplasm (D:1)
37 creatures vanquished.

Vanquished Creatures (others)
  A rime drake (Lair:3)
  A cane toad zombie (Lair:1)
  2 two-headed ogre zombies
  An elephant zombie (Lair:5)
  3 water moccasin zombies
  A troll zombie (D:13)
  2 polar bear zombies (Lair:5)
  A black bear zombie (Lair:5)
  An orc (Orc:2)
  5 kobold zombies (D:10)
18 creatures vanquished.

Grand Total: 813 creatures vanquished

Notes
Turn   | Place    | Note
-------+----------+-------------------------------------------
     0 | D:1      | PaiMei the Demonspawn Necromancer began the quest for the
                  | Orb.
     0 | D:1      | Reached XP level 1. HP: 13/13 MP: 3/3
   205 | D:1      | Gained mutation: Your demonic aura sometimes causes spilled
                  | blood to erupt in flames. [demonic ancestry]
   205 | D:1      | Reached XP level 2. HP: 19/19 MP: 3/5
  1029 | D:1      | Gained mutation: Your demonic aura often causes spilled
                  | blood to erupt in flames. [demonic ancestry]
  1029 | D:1      | Reached XP level 3. HP: 25/25 MP: 3/6
  1033 | D:1      | Learned a level 3 spell: Vampiric Draining
  1409 | D:2      | Reached skill level 1 in Fighting
  2231 | D:2      | Gained mutation: You regenerate magic rapidly. [demonic
                  | ancestry]
  2231 | D:2      | Reached XP level 4. HP: 32/32 MP: 5/8
  2830 | D:2      | Learned a level 4 spell: Animate Dead
  2902 | D:3      | Reached skill level 5 in Necromancy
  3087 | D:3      | Noticed Terence
  3949 | D:4      | Reached XP level 5. HP: 36/38 MP: 2/9
  4105 | D:4      | Noticed a lemure
  4105 | D:4      | Noticed a lemure
  4220 | D:4      | Noticed an ogre
  4232 | D:4      | Killed an ogre
  4233 | D:4      | Gained mutation: You are partially covered in razor-sharp
                  | scales. (AC +1, Slay +1) [demonic ancestry]
  4233 | D:4      | Reached XP level 6. HP: 46/46 MP: 1/11
  4573 | D:4      | Noticed Pikel
  4700 | D:4      | Killed Pikel
  4701 | D:4      | Reached skill level 6 in Necromancy
  4701 | D:4      | Gained mutation: You are mostly covered in razor-sharp
                  | scales. (AC +2, Slay +2) [demonic ancestry]
  4701 | D:4      | Reached XP level 7. HP: 45/53 MP: 0/13
  4842 | D:5      | Entered Level 5 of the Dungeon
  5439 | D:5      | Reached XP level 8. HP: 51/60 MP: 11/14
  5653 | D:5      | Found Vasashruo's Lightly-Used Armoury.
  5946 | D:5      | Reached skill level 7 in Necromancy
  5978 | D:5      | Reached skill level 5 in Spellcasting
  6064 | D:5      | Reached skill level 5 in Dodging
  6128 | D:5      | Reached skill level 5 in Fighting
  6550 | D:3      | Killed Terence
  6734 | D:6      | Gained mutation: When hurt, damage is shared between your
                  | health and your magic reserves. [demonic ancestry]
  6734 | D:6      | Reached XP level 9. HP: 65/68 MP: 1/17
  6819 | D:6      | Learned a level 4 spell: Dispel Undead
  6825 | D:6      | Learned a level 5 spell: Curse of Agony
  6971 | D:6      | Reached skill level 8 in Necromancy
  6989 | D:6      | Found a glowing drain.
  6993 | Sewer    | Entered a sewer
  7055 | Sewer    | Noticed Pargi
  7060 | Sewer    | Killed Pargi
  8042 | D:7      | Noticed Prince Ribbit
  8056 | D:7      | Killed Prince Ribbit
  8217 | D:7      | Reached skill level 9 in Necromancy
  8298 | D:7      | Found a stormy altar of Qazlal.
  8327 | D:7      | Found a staircase to the Ecumenical Temple.
  8339 | Temple   | Entered the Ecumenical Temple
  8357 | Temple   | Became a worshipper of Kikubaaqudgha
  8445 | D:7      | Reached XP level 10. HP: 70/79 MP: 0/20
 10096 | D:8      | Found Voibopiad's Distillery.
 10099 | D:8      | Bought a potion of curing for 45 gold pieces
 10099 | D:8      | Bought a potion of heal wounds for 75 gold pieces
 10408 | D:9      | Reached * piety under Kikubaaqudgha
 10408 | D:9      | Received a gift from Kikubaaqudgha
 10578 | D:9      | Noticed Amaemon
 10578 | D:9      | Noticed an orange demon
 10794 | D:8      | Killed Amaemon
 10795 | D:8      | Reached skill level 10 in Necromancy
 11435 | D:10     | Entered Level 10 of the Dungeon
 11707 | D:10     | Noticed a sixfirhy
 11715 | D:10     | Gained mutation: You have a pair of small horns on your
                  | head. [demonic ancestry]
 11715 | D:10     | Reached XP level 11. HP: 87/87 MP: 4/23
 12062 | D:10     | Reached ** piety under Kikubaaqudgha
 12478 | D:10     | Found a runed translucent door.
 12481 | D:10     | Noticed Derpydoo's ghost (journeyman GrBe)
 12853 | D:11     | Reached skill level 1 in Shields
 12950 | D:11     | Noticed a two-headed ogre
 13065 | D:11     | Found a staircase to the Orcish Mines.
 13072 | D:11     | Noticed an arcanist
 13074 | D:11     | Noticed a deep elf pyromancer
 13128 | D:10     | Killed a two-headed ogre
 13340 | D:11     | Reached skill level 11 in Necromancy
 13395 | D:11     | Killed a deep elf pyromancer
 13475 | D:11     | Noticed an arcanist
 13475 | D:11     | Noticed Maurice
 13675 | D:11     | Killed an arcanist
 13840 | D:11     | Noticed Snorg
 13888 | D:11     | Maurice stole a +4 trident of venom
 14061 | D:10     | Killed an arcanist
 14650 | D:11     | Maurice stole 49 poisoned darts
 14653 | D:11     | Killed Maurice
 14839 | D:11     | Got the Papyrus of Dhcmrlchtdj
 14855 | D:11     | Noticed a deep elf pyromancer
 14864 | D:11     | Noticed a two-headed ogre
 14868 | D:11     | Killed a deep elf pyromancer
 14875 | D:11     | Killed a two-headed ogre
 14941 | D:11     | Got Ts'ui PĂȘn's Book of Forking Paths
 14948 | D:11     | Got Dispater's Directory of Plaster Cramp
 14972 | D:11     | Found a staircase to the Lair.
 14981 | D:11     | Killed Snorg
 15364 | Lair:1   | Entered Level 1 of the Lair of Beasts
 15510 | Lair:1   | Reached XP level 12. HP: 76/97 MP: 7/25
 15735 | Lair:1   | Reached skill level 10 in Fighting
 15901 | Lair:1   | Identified the +6 long sword of Kiyczyik {freeze, rCorr
                  | Stlth+}
 15913 | Lair:1   | Noticed Fannar
 15924 | Lair:1   | Killed Fannar
 15925 | Lair:1   | Reached skill level 12 in Necromancy
 16145 | Lair:1   | Noticed Maggie
 16153 | Lair:1   | Killed Maggie
 16596 | Lair:2   | Noticed an eight-headed hydra
 16597 | Lair:2   | Reached skill level 5 in Shields
 16603 | Lair:2   | Killed a nine-headed hydra
 16792 | Lair:2   | Reached skill level 10 in Spellcasting
 16814 | Lair:2   | Reached *** piety under Kikubaaqudgha
 16814 | Lair:2   | Received a gift from Kikubaaqudgha
 17053 | Lair:2   | Noticed a boulder beetle
 17065 | Lair:2   | Killed a boulder beetle
 17129 | Lair:2   | Noticed a seven-headed hydra
 17136 | Lair:2   | Killed a nine-headed hydra
 17427 | Lair:2   | Found a staircase to the Snake Pit.
 17784 | Lair:3   | Reached XP level 13. HP: 60/106 MP: 0/27
 17823 | Lair:3   | Reached skill level 13 in Necromancy
 18040 | Lair:3   | Noticed Nergalle
 18050 | Lair:3   | Killed Nergalle
 18098 | Lair:3   | Found a staircase to the Shoals.
 18248 | Lair:3   | Noticed Kirke
 18267 | Lair:3   | Killed Kirke
 18789 | Lair:4   | Found a staircase to the Slime Pits.
 18803 | Lair:4   | Reached **** piety under Kikubaaqudgha
 19104 | Lair:4   | Found a frozen archway.
 19165 | IceCv    | Entered an ice cave
 19189 | IceCv    | Learned a level 4 spell: Martyr's Knell
 19412 | IceCv    | Identified the staff "No More Talking" {rElec rPois rCorr
                  | Dex-4 Alchemy}
 19948 | IceCv    | Noticed a white draconian
 19964 | IceCv    | Killed a white draconian
 21032 | Slime:1  | Entered Level 1 of the Pits of Slime
 21066 | Lair:5   | Entered Level 5 of the Lair of Beasts
 21412 | Lair:5   | Reached ***** piety under Kikubaaqudgha
 21442 | Lair:5   | Reached skill level 14 in Necromancy
 22266 | Lair:5   | Reached XP level 14. HP: 83/116 MP: 16/29
 22558 | Lair:5   | Reached skill level 1 in Armour
 22643 | Lair:5   | Reached skill level 1 in Long Blades
 25603 | D:12     | Identified the +7 spear of Execution {speed, rElec Dex-5
                  | SInv}
 25899 | D:12     | Noticed Sonja
 25920 | D:12     | Killed Sonja
 26516 | D:13     | Reached skill level 15 in Necromancy
 27118 | D:13     | Found an ancient bone altar of Kikubaaqudgha.
 27206 | D:13     | Found a transporter.
 27210 | D:13     | Found a corrupted altar of Lugonu.
 27211 | D:13     | Noticed a red very ugly thing
 27212 | D:13     | Noticed a green very ugly thing
 27246 | D:13     | Reached ****** piety under Kikubaaqudgha
 27273 | D:13     | Found a transporter.
 27369 | D:13     | Found a gate to the Vaults.
 28349 | D:14     | Reached skill level 5 in Armour
 28391 | D:14     | Reached skill level 5 in Long Blades
 28391 | D:14     | Reached XP level 15. HP: 116/122 MP: 31/31
 28785 | D:15     | Entered Level 15 of the Dungeon
 28843 | D:15     | Paralysed by something for 4 turns
 29071 | D:15     | Found a shadowy altar of Dithmenos.
 30036 | D:15     | Found a staircase to the Depths.
 30661 | D:15     | Found a stormy altar of Qazlal.
 30769 | Orc:1    | Entered Level 1 of the Orcish Mines
 30856 | Orc:1    | Learned a level 6 spell: Death Channel
 30933 | Orc:2    | Entered Level 2 of the Orcish Mines
 31005 | Orc:2    | Found a staircase to the Elven Halls.
 31147 | Orc:2    | Reached skill level 16 in Necromancy
 31995 | Orc:2    | Found Ximaxaoh's Antique Weapon Emporium.
 31995 | Orc:2    | Found Qigu's Antique Weapon Boutique.
 31997 | Orc:2    | Found Xatukuxo's Assorted Antiques.
 31999 | Orc:2    | Found Erha Hao's Magic Scroll Shoppe.
 32006 | Orc:2    | Bought a potion of magic for 184 gold pieces
 32011 | Orc:2    | Bought a scroll of fog for 56 gold pieces
 32011 | Orc:2    | Bought a scroll of identify for 28 gold pieces
 32011 | Orc:2    | Bought a scroll of fear for 56 gold pieces
 32011 | Orc:2    | Bought a scroll of teleportation for 42 gold pieces
 32011 | Orc:2    | Bought a scroll of identify for 28 gold pieces
 32011 | Orc:2    | Bought a scroll of fog for 56 gold pieces
 32011 | Orc:2    | Bought a scroll of teleportation for 42 gold pieces
 32011 | Orc:2    | Bought a scroll of noise for 14 gold pieces
 32248 | Orc:2    | Found a bloodstained altar of Trog.
 32418 | Snake:1  | Entered Level 1 of the Snake Pit
 34498 | Snake:1  | HP: 4/122 [shock serpent (8)]
 34498 | Snake:1  | Slain by a black mamba

Illustrated notes

Levels and vault maps discovered:
D:1:      dpeg_arrival_ratfight, layout_loops_corners
D:2:      minmay_recursive_quarters, layout_basic, minivault_26,
          minmay_misc_feat_enclosed, wad_orctagon
D:3:      layout_loops_corners, uniq_terence
D:4:      layout_rooms, serial_bayou, serial_bayou_lagoon_a,
          serial_bayou_pond_e, serial_bayou_pond_e, serial_bayou_pond_c,
          uniq_pikel
D:5:      layout_cave_pools, serial_gnoll_camp, gnoll_camp_huts_moat,
          gnoll_camp_mini_house, gnoll_camp_mini_house,
          gnoll_camp_mini_sergeant, minmay_shop_damaged
D:6:      layout_cave_pods, gup_sewer_entry_bowl
D:7:      layout_cave_pools, mainiacjoe_overflow_brackets,
          minmay_temple_entry_stoned_glass, uniq_prince_ribbit1
D:8:      kennysheep_spiral_hall, layout_rooms, serial_shops,
          nicolae_shop_behind_doors, special_room [special_room_orc]
D:9:      layout_basic, uniq_amaemon
D:10:     layout_irregular_city, ebering_ghost_inner_flame
D:11:     layout_cross, orc_0_dummy, bh_hangedman_babel_library, uniq_maurice,
          uniq_snorg
D:12:     layout_small_grid, uniq_sonja
D:13:     gammafunk_corrupted_shrine, layout_irregular_city, david_vaults_1,
          kiku_gazebo_pond_becter
D:14:     layout_roguey, kennysheep_decorative_pillar,
          kennysheep_generic_room_12
D:15:     hellmonk_depths_entry_around_the_bend, layout_irregular_city,
          nicolae_qazlal_eye_of_the_storm, grunt_dithmenos_smoke
Temple:   roderic_octagonal_lattice_temple
Lair:1:   layout_concentric_octagons, minmay_hedge_maze,
          infiniplex_staircase_pool_2, uniq_fannar, uniq_maggie
Lair:2:   layout_regular_city, dummy_snake_entry, gammafunk_lair_bear_cave,
          grunt_megastairs_3
Lair:3:   layout_misc_corridors, shoals_dummy_entry, evilmike_ambush
          [evilmike_ambush_outer_basic, evilmike_ambush_inner_cross],
          serial_bayou_shore_b, uniq_kirke, uniq_nergalle
Lair:4:   layout_gridlike, nicolae_slime_entry_field_trip,
          portal_ice_cave_demonic_guard
Lair:5:   hangedman_lair_caniforms_friends, layout_regular_city,
          hangedman_lair_in_review
Snake:1:  layout_rooms
Slime:1:  layout_caves
Orc:1:    layout_caves, elf_legates
Orc:2:    st_orc_rangers, layout_caves, basic_altar, david_defended_altar_orc

Skill      XL: |  1  2  3  4  5  6  7  8  9 10 11 12 13 14 15 |
---------------+----------------------------------------------+-----
Dodging        | 2 3 4 5 6 8 |  8.2
Stealth        | 2 |  2.0
Fighting       | 1 2 3 4 5 7 8 9 11 12 | 12.4
Necromancy     | 5 6 7 9 10 11 12 14 15 16 | 16.4
Spellcasting   | 3 4 5 6 8 9 10 11 12 13 | 13.6
Shields        | 4 6 8 |  8.2
Armour         | 5 7 |  7.2
Long Blades    | 5 7 |  7.2

Action                     |  1- 3 |  4- 6 |  7- 9 | 10-12 | 13-15 || total
---------------------------+-------+-------+-------+-------+-------++-------
  Melee: Short sword       |    18 |    58 |     7 |       |       ||    83
         Halberd           |       |       |    26 |       |       ||    26
         Long sword        |       |       |    44 |   149 |   630 ||   823
         Punch             |       |       |       |     1 |       ||     1
         Headbutt          |       |       |       |    19 |   160 ||   179
  Throw: Dart              |       |       |       |     1 |     1 ||     2
   Cast: Necrotise         |    85 |    74 |   159 |   147 |   143 ||   608
         Vampiric Draining |       |     9 |    59 |   237 |   172 ||   477
         Dispel Undead     |       |       |     3 |     6 |    42 ||    51
         Animate Dead      |       |       |       |    10 |    11 ||    21
         Curse of Agony    |       |       |       |    10 |    79 ||    89
    Use: Potion            |       |       |       |     3 |     4 ||     7
         Scroll            |       |       |       |    14 |    11 ||    25
   Stab: Sleeping          |       |       |       |       |     3 ||     3
 Armour: Robe              |    23 |    49 |   133 |    45 |       ||   250
         Steam dragon scal |       |       |       |   201 |       ||   201
         Troll leather arm |       |       |       |   184 |  1100 ||  1284
  Dodge: Dodged            |    26 |    39 |   155 |   374 |   755 ||  1349
  Block: Kite shield       |       |       |       |   119 |   867 ||   986
         Reflection        |       |       |       |       |     9 ||     9
